 Dungeon Crawl Stone Soup version 0.21-a0-404-g291f19a (webtiles) character file.

569 nikopol the Magician (level 7, -1/36 HPs)
             Began as a Deep Elf Fire Elementalist on Oct 28, 2017.
             Slain by a worker ant (6 damage)
             ... on level 4 of the Dungeon.
             The game lasted 00:21:35 (4213 turns).

nikopol the Magician (Deep Elf Fire Elementalist)   Turns: 4213, Time: 00:21:36

Health: -1/36      AC:  6    Str:  5    XL:     7   Next: 11%
Magic:  13/18      EV: 13    Int: 22    God:
Gold:   331        SH:  0    Dex: 15    Spells: 8/19 levels left

rFire    . . .     SeeInvis .   s - +0 dagger
rCold    . . .     Gourm    .   (no shield)
rNeg     . . .     Faith    .   a - +0 robe
rPois    .         Spirit   .   r - +2 helmet
rElec    .         Reflect  .   A - +0 cloak
rCorr    .         Harm     .   (no gloves)
MR       .....                  (no boots)
Stlth    ++........             k - amulet of regeneration
HPRegen  0.52/turn              (no ring)
MPRegen  0.16/turn              (no ring)

@: lethally poisoned (-1 -> -13)
A: no striking features
a: no special abilities


You were on level 4 of the Dungeon.
You were very hungry.

You visited 1 branch of the dungeon, and saw 5 of its levels.

You collected 331 gold pieces.

Inventory:

Hand Weapons
 s - a +0 dagger (weapon)
Armour
 a - a +0 robe (worn)
 r - a +2 helmet (worn)
 A - a +0 cloak (worn)
Jewellery
 k - an amulet of regeneration (around neck)
 C - a cursed ring of ice {unknown}
Wands
 y - a wand of paralysis (7/24)
 B - a wand of lightning (3/15)
Scrolls
 d - 2 scrolls of remove curse {unknown}
 e - a scroll of noise {unknown}
 h - 5 scrolls of identify {unknown}
 l - a scroll of enchant weapon {unknown}
 n - 2 scrolls of magic mapping {unknown}
 q - a scroll of immolation {unknown}
 t - 2 scrolls of enchant armour {unknown}
 x - a scroll of amnesia {unknown}
 z - 2 scrolls of teleportation {unknown}
Potions
 g - 2 potions of lignification {unknown}
 i - a potion of haste {unknown}
 m - 2 potions of curing {unknown}
 o - a potion of flight {unknown}
 p - a potion of brilliance {unknown}
 u - a potion of mutation {unknown}
 v - 2 potions of magic {unknown}
 w - 3 potions of agility {unknown}
Books
 b - a book of Flames

   Spells                             Type                      Level
   a - Flame Tongue                   Conjuration/Fire             1
   b - Throw Flame                    Conjuration/Fire             2
   c - Conjure Flame                  Conjuration/Fire             3
   d - Inner Flame                    Hexes/Fire                   3
   e - Sticky Flame                   Conjuration/Fire             4
   f - Fireball                       Conjuration/Fire             5
Comestibles
 c - 5 bread rations
 f - 4 meat rations
 j - 3 royal jellies


   Skills:
 + Level 3.1 Dodging
 + Level 3.1 Stealth
 + Level 6.6 Spellcasting
 + Level 4.4 Conjurations
 + Level 5.4 Fire Magic


You had 8 spell levels left.
You knew the following spells:

 Your Spells              Type           Power        Failure   Level  Hunger
a - Flame Tongue          Conj/Fire      ####.        1%          1    None
b - Throw Flame           Conj/Fire      ####..       1%          2    None
c - Conjure Flame         Conj/Fire      ####....     3%          3    #......
d - Fireball              Conj/Fire      ####......   30%         5    #####..


Dungeon Overview and Level Annotations

Branches:
Dungeon (5/15)
 Temple: D:4-7

Altars:
Ashenzari
Uskayaw

Shops:
D:5 }

Annotations:
D:5 2 transporters


Message History

Confirm with . or Enter, or press ? or * to list all spells.
Aiming: Flame Tongue
Press: ? - help, Shift-Dir - straight line, f/p - worker ant
Aim: a worker ant (moderately wounded)
The flame tongue hits the worker ant.
The worker ant is heavily wounded.
You feel sick. The worker ant bites you.
* * * LOW HITPOINT WARNING * * *
You are lethally poisoned!
The worker ant poisons you!
Casting: Flame Tongue
Confirm with . or Enter, or press ? or * to list all spells.
Aiming: Flame Tongue
Press: ? - help, Shift-Dir - straight line, f/p - worker ant
Aim: a worker ant (heavily wounded)
The flame tongue hits the worker ant.
The worker ant is severely wounded.
* * * LOW HITPOINT WARNING * * *
You feel sick. The worker ant bites you.
You die...

########## #.....>..#
#........# #........#
#........#########
#........#.......#
#........#.#####.#
#........#.# #.#
#......(.#.# #@#
#..........# #a#
####.###########o#
................>##
..###...#########.######
...##...###....#.......#
............##.##.####.#
#.#.#.#.#.#.##.##.#<##.##
..................#.....#


You could see a worker ant and an orc.

Vanquished Creatures
  Menkaure (D:5)
  Edmund (D:3)
  A phantom (D:4)
  2 orc priests (D:4)
  A worker ant (D:5)
  A worker ant zombie (D:5)
  Robin (D:2)
  3 adders
  2 oozes
  An adder skeleton (D:4)
  4 worms
  4 dart slugs
  A leopard gecko (D:1)
  2 orcs (D:4)
  2 ball pythons (D:1)
  7 bats
  5 giant cockroaches
  15 goblins
  9 hobgoblins
  10 jackals
  A quokka (D:3)
  A ball python zombie (D:5)
  2 frilled lizards
  10 kobolds
  7 rats
94 creatures vanquished.

Notes
Turn   | Place    | Note
-------+----------+-------------------------------------------
     0 | D:1      | nikopol the Deep Elf Fire Elementalist began the quest for the Orb.
     0 | D:1      | Reached XP level 1. HP: 10/10 MP: 6/6
   163 | D:1      | Reached XP level 2. HP: 13/15 MP: 2/8
   586 | D:1      | Reached XP level 3. HP: 19/19 MP: 8/10
   935 | D:2      | Found a hide-covered altar of Uskayaw.
  1282 | D:2      | Reached skill level 4 in Spellcasting
  1350 | D:2      | Found a faded altar of an unknown god.
  1355 | D:2      | Reached XP level 4. HP: 22/24 MP: 7/12
  1467 | D:2      | Noticed Robin
  1506 | D:2      | Learned a level 2 spell: Throw Flame
  1510 | D:2      | Learned a level 3 spell: Conjure Flame
  1553 | D:2      | Killed Robin
  2417 | D:4      | Noticed Edmund
  3003 | D:3      | Killed Edmund
  3003 | D:3      | Reached skill level 5 in Spellcasting
  3003 | D:3      | Reached XP level 5. HP: 28/28 MP: 0/14
  3164 | D:4      | Noticed a phantom
  3178 | D:4      | Killed a phantom
  3178 | D:4      | Reached XP level 6. HP: 32/32 MP: 2/16
  3272 | D:4      | Learned a level 5 spell: Fireball
  3440 | D:4      | Reached skill level 6 in Spellcasting
  3581 | D:4      | Reached skill level 5 in Fire Magic
  3758 | D:5      | Entered Level 5 of the Dungeon
  3876 | D:5      | Found Jymeil's Gadget Boutique.
  3888 | D:5      | Found a transporter.
  4008 | D:5      | Noticed Menkaure
  4019 | D:5      | Killed Menkaure
  4019 | D:5      | Reached XP level 7. HP: 13/36 MP: 9/18
  4090 | D:5      | Found a transporter.
  4153 | D:5      | Found a shattered altar of Ashenzari.
  4213 | D:4      | Slain by a worker ant

Vault maps used:
D:1:      minmay_arrival_open_corners
D:2:      nicolae_overflow_crystal_walls, chequers_ecumenical_altar_island,
          uniq_robin
D:3:      hangedman_decor_push
D:4:      hangedman_decor_riveting, serial_bayou_ford_a, kennysheep_diamond,
          uniq_edmund
D:5:      gammafunk_steamed_eel, evilmike_ruin_ashenzari, serial_shops,
          shop_statue, first_bread, uniq_menkaure

Skill      XL: |  1  2  3  4  5  6 |
---------------+-------------------+-----
Dodging        | 3 |  3.1
Conjurations   | 2 3 4 |  4.4
Spellcasting   | 4 5 6 |  6.6
Fire Magic     | 4 5 |  5.4
Stealth        | 3 |  3.1

Action                   |  1- 3 |  4- 6 |  7- 9 || total
-------------------------+-------+-------+-------++-------
Melee: Unarmed           |     1 |       |       ||     1
       Dagger            |       |     5 |       ||     5
 Cast: Flame Tongue      |    94 |   113 |     8 ||   215
       Throw Flame       |       |    17 |       ||    17
       Conjure Flame     |       |     8 |       ||     8
  Eat: Chunk             |     1 |     8 |       ||     9
Armor: Robe              |     6 |     3 |     1 ||    10
Dodge: Dodged            |    29 |    24 |    10 ||    63

Table legend:
 A = Spawn XP
 B = Non-spawn XP
 C = Spawn XP percentage of total XP
 D = Spawn monster count
 E = Non-spawn monster count
 F = Spawn count percentage of total count
 G = Total turns spent on level
                    A         B        C        D         E        F      G
               +---------+---------+-------+---------+---------+-------+---------
         Total |       0 |     813 |   0.0 |       0 |      94 |   0.0 |  4213
               +---------+---------+-------+---------+---------+-------+---------
           D:1 |       0 |      54 |   0.0 |       0 |      26 |   0.0 |   924
           D:2 |       0 |      84 |   0.0 |       0 |      33 |   0.0 |  1153
           D:3 |       0 |     207 |   0.0 |       0 |      19 |   0.0 |  1006
           D:4 |       0 |     252 |   0.0 |       0 |      11 |   0.0 |   773
           D:5 |       0 |     216 |   0.0 |       0 |       5 |   0.0 |   357
               +---------+---------+-------+---------+---------+-------+---------
